Map: Corrosion EC

Players

RaulFiveK - Winner!

  • Race: Terran Terran
  • League: Diamond
  • Spawn Location: 5:00

HoldTheDoor

  • Race: Protoss Protoss
  • League: Diamond
  • Spawn Location: 11:00

VOD

Have the link to the VOD?

Description

Time

  • Played on: July 2, 2018, 12:13 p.m.
  • Length: 4:38
Show
View Real Time Build Order
Export as new Build Order

RaulFiveK Terran - Winner!

Build Orders: Cyclone Opening 

Get SALT Encoding   

  12  0:00  SCV  
  13  0:13  SCV  
  14  0:17  Supply Depot  
  14  0:26  Refinery  
  14  0:28  SCV  
  15  0:41  Barracks  
  15  0:45  SCV  
  16  0:57  SCV  
  17  1:10  SCV  
  18  1:22  SCV  
  19  1:28  Marine  
  20  1:32  Factory  
  20  1:34  SCV  
  21  1:44  Refinery  
  21  1:46  SCV, Barracks Reactor  
  22  1:49  Supply Depot  
  22  1:58  SCV  
  23  2:10  SCV  
  24  2:26  Orbital Command  
  24  2:29  Cyclone  
  27  2:32  Hellion  
  29  2:37  Supply Depot, Barracks Tech Lab  
  29  2:58  Cyclone  
  29  2:59  Marauder  
  34  3:06  Supply Depot  
  34  3:07  Cyclone  
  37  3:14  Concussive Shells  
  37  3:32  Command Center  
  37  3:38  Cyclone  
  40  3:43  SCV  
  41  3:53  Marauder  
  41  3:55  SCV  
  44  3:59  Cyclone  
  47  4:04  Supply Depot  
  47  4:21  Supply Depot  
  47  4:25  SCV  
Show
View Real Time Build Order
Export as new Build Order

HoldTheDoor Protoss 

Build Orders: Double Forge 

Get SALT Encoding   

  12  0:01  Probe  
  13  0:13  Probe  
  14  0:20  Pylon  
  14  0:25  Probe  
  15  0:38  Probe  
  16  0:43  Gateway  
  16  0:50  Assimilator, Probe  
  17  1:02  Assimilator  
  17  1:03  Probe  
  18  1:16  Probe  
  19  1:31  Probe  
  20  1:39  Cybernetics Core  
  20  1:42  Gateway  
  20  1:44  Probe  
  21  1:48  Pylon  
  21  1:56  Probe  
  22  2:07  Warp Gate  
  22  2:09  Probe  
  23  2:15  Stalker  
  25  2:30  Probe  
  25  2:34  Nexus  
  25  2:35  Stalker  
  28  2:42  Probe  
  29  2:48  Pylon  
  29  2:52  Stalker  
  31  3:06  Probe  
  31  3:11  Robotics Facility  
  32  3:17  Pylon  
  32  3:21  Probe  
  33  3:34  Probe  
  34  3:40  Assimilator  
  34  3:44  Pylon  
  34  3:46  Probe  
  34  3:47  Probe  
  36  3:50  Immortal  
  36  3:56  Assimilator  
  36  3:58  Probe  
  42  4:02  Probe  
  42  4:10  Probe  
  42  4:14  Forge  
  43  4:17  Pylon  
  43  4:22  Forge  
  43  4:25  Probe x2  
Tags
 
Add a new tag
Caveats
  • Supply blocks, unpowered buildings, or Contaminate may cause inaccurate times.
  • Supply counts are checked every 10 seconds.